 Dungeon Crawl Stone Soup version 0.22.0-13-g43fe8f2 (webtiles) character file.

326 Xoff the Magician (level 6, 0/36 HPs)
             Began as an Octopode Wizard on Aug 16, 2018.
             Slain by an ice beast (8 damage)
             ... on level 3 of the Dungeon.
             The game lasted 00:11:39 (3842 turns).

Xoff the Magician (Octopode Wizard)                 Turns: 3842, Time: 00:11:40

Health: 0/36       AC:  2    Str:  5 (6)  XL:     6   Next: 49%
Magic:  4/12       EV: 14    Int: 22      God:
Gold:   91         SH:  0    Dex: 11      Spells: 0/13 levels left

rFire    . . .     SeeInvis .   r - +3 quarterstaff (chaos)
rCold    . . .     Gourm    .   (shield currently unavailable)
rNeg     . . .     Faith    .   a - +1 hat
rPois    +         Spirit   .   m - amulet of the acrobat
rElec    .         Reflect  .   (no ring)
rCorr    .         Harm     .   (no ring)
MR       +....     Clarity  +   (no ring)
Stlth    +++.......             (no ring)
HPRegen  0.12/turn              (no ring)
MPRegen  0.13/turn              (no ring)
                                (no ring)
                                (no ring)

@: flying
A: almost no armour, stealthy swim, amphibious, 8 rings, constrict 8, camouflage
1, clarity, magic resistance 1, poison resistance, gelatinous body 1
a: no special abilities


You were on level 3 of the Dungeon.
You were not hungry.

You visited 1 branch of the dungeon, and saw 3 of its levels.

You collected 91 gold pieces.

Inventory:

Hand Weapons
 d - a +1 dagger of chaos
 g - a -2 spear
 h - a +0 dagger
 p - a cursed -2 mace
 r - a +3 quarterstaff of chaos (weapon)
Missiles
 b - 15 tomahawks (quivered)
 e - 126 stones
 j - 55 sling bullets
 q - 17 bolts
Armour
 a - a +1 hat (worn)
Jewellery
 m - an amulet of the acrobat (around mantle)
Scrolls
 k - 4 scrolls of identify
 o - 2 scrolls of amnesia
Comestibles
 c - 9 rations


   Skills:
 + Level 2.9 Dodging
 + Level 4.0 Stealth
 * Level 4.1 Spellcasting
 + Level 2.3 Conjurations
 + Level 0.0 Hexes
 + Level 1.2 Summonings
 + Level 1.3 Translocations
 + Level 1.5 Fire Magic
 * Level 2.2 Air Magic
 + Level 1.8 Poison Magic


You couldn't memorise any spells.
You knew the following spells:

 Your Spells              Type           Power        Failure   Level  Hunger
a - Magic Dart            Conj           ##..         4%          1    None
b - Conjure Flame         Conj/Fire      ##......     16%         3    ##.....
c - Mephitic Cloud        Conj/Pois/Air  ##......     14%         3    ##.....
d - Blink                 Tloc           N/A          10%         2    #......
e - Call Imp              Summ           ##......     10%         2    #......
f - Slow                  Hex            #.......     17%         2    #......

Your spell library contained the following spells:

 Spells                   Type           Power        Failure   Level  Hunger


Dungeon Overview and Level Annotations

Branches:
Dungeon (3/15)

Altars:
Ashenzari
Elyvilon
Makhleb
Xom


Innate Abilities, Weirdness & Mutations

You cannot wear most types of armour.
You are very stealthy in the water. (Stealth+)
You are amphibious.
You can wear up to eight rings at the same time.
You can use your tentacles to constrict eight enemies at once.
Your skin changes colour to match your surroundings (Stealth+).
Your rubbery body absorbs attacks. (AC +1, EV +1)
You possess an exceptional clarity of mind.
You are resistant to hostile enchantments. (MR+)
Your system is resistant to poisons. (rPois)


Message History

Aim: an ice beast (lightly wounded, chance to defeat MR: 37%)
The ice beast seems to slow down.
You hit the ice beast.
You melt the ice beast.
The ice beast is moderately wounded.
The ice beast hits you. The ice beast freezes you!
You barely miss the ice beast.
The ice beast is moderately wounded.
The ice beast barely misses you.
You feel better. The ice beast barely misses you.
You barely miss the ice beast.
The ice beast is moderately wounded.
The ice beast is no longer moving slowly.
The ice beast hits you. The ice beast freezes you.
* * * LOW HITPOINT WARNING * * *
You hit the ice beast.
Your skin tingles.
Your squeeze misses the ice beast.
The ice beast is moderately wounded.
The ice beast hits you.
* * * LOW HITPOINT WARNING * * *
The ice beast freezes you!
You die...

#.#.#.#.#.#
#)#.##......#####
.#.#.#.#.##
#.#..#.#........#
#.#.#.#.#.#
#.#..#.#..#.#####
.#.#.#.#.## #.#..#.#..#.#
#.#.#.#.#.# #.#..#.#..#)#
.#.#.#.#.##
#.........#.#####
#.#.#.#.#.#
#.........).....#
.#.#.#.#)##
#.#Y.#.#..#.#####
#.#.#.#.#.# #.#@.#.#..#.#
.#.#.#.#.## #.#..#.#..#.#
#.#.#.#.#.# #)#..#.#..#.#
.#.#.#.#.## #.#..#.#..#.#
#.#.#.#.#.# #.#..#.#..#.#
..###.########....)....#.#
..#
#.##......##..#.#..#.#####
..#
#..'<.....'..............#
..#
####......###'##...#######


You could see an ice beast.

Vanquished Creatures
  A crimson imp (D:3)
  2 orc priests (D:3)
  Crazy Yiuf (D:2)
  An orc wizard (D:3)
  3 gnolls (D:3)
  6 adders
  2 oozes (D:1)
  3 worms
  2 dart slugs
  3 leopard geckos
  11 orcs (D:3)
  2 giant cockroaches
  8 goblins
  4 hobgoblins
  2 jackals (D:1)
  5 kobolds
  A ball python (D:2)
  5 bats
  2 frilled lizards
  5 rats
69 creatures vanquished.

Notes
Turn   | Place    | Note
-------+----------+-------------------------------------------
     0 | D:1      | Xoff the Octopode Wizard began the quest for the Orb.
     0 | D:1      | Reached XP level 1. HP: 11/11 MP: 4/4
   322 | D:1      | Reached XP level 2. HP: 10/17 MP: 0/6
   909 | D:1      | Reached XP level 3. HP: 21/21 MP: 3/7
   914 | D:1      | Learned a level 3 spell: Conjure Flame
   918 | D:1      | Learned a level 3 spell: Mephitic Cloud
  1354 | D:2      | Found a runed door.
  1565 | D:2      | Reached XP level 4. HP: 27/27 MP: 9/9
  1962 | D:2      | Found a white marble altar of Elyvilon.
  1962 | D:2      | Found a shattered altar of Ashenzari.
  2147 | D:2      | Noticed Crazy Yiuf
  2167 | D:2      | Killed Crazy Yiuf
  2167 | D:2      | Reached skill level 1 in Air Magic
  2167 | D:2      | Reached skill level 1 in Poison Magic
  2324 | D:3      | Reached XP level 5. HP: 31/31 MP: 6/10
  2368 | D:3      | Reached skill level 1 in Fire Magic
  2419 | D:3      | Gained mutation: You possess an exceptional clarity of mind. [potion of mutation]
  2419 | D:3      | Gained mutation: Your system is resistant to poisons. (rPois) [potion of mutation]
  2419 | D:3      | Gained mutation: You are resistant to hostile enchantments. (MR+) [potion of mutation]
  2698 | D:3      | Learned a level 2 spell: Blink
  2701 | D:3      | Learned a level 2 spell: Call Imp
  2807 | D:3      | Found a shimmering altar of Xom.
  2813 | D:3      | Found a burning altar of Makhleb.
  2816 | D:3      | Reached XP level 6. HP: 36/36 MP: 8/12
  2881 | D:3      | Noticed an ice beast
  3824 | D:3      | Learned a level 2 spell: Slow
  3842 | D:3      | Slain by an ice beast

Skill      XL: |  1  2  3  4  5  6 |
---------------+-------------------+-----
Stealth        | 3 4 |  4.0
Air Magic      | 1 2 |  2.2
Poison Magic   | 1 |  1.8
Conjurations   | 2 |  2.3
Fire Magic     | 1 |  1.5
Spellcasting   | 4 |  4.1
Dodging        | |  2.9
Summonings     | |  1.2
Translocations | |  1.3

Action                   |  1- 3 |  4- 6 || total
-------------------------+-------+-------++-------
Melee: Spear             |    57 |    92 ||   149
       Unarmed           |     2 |       ||     2
       Constrict         |    15 |    19 ||    34
       Tentacles         |     8 |    14 ||    22
       Quarterstaff      |       |     9 ||     9
 Cast: Magic Dart        |    41 |    91 ||   132
       Mephitic Cloud    |       |     2 ||     2
       Slow              |       |     4 ||     4
       Conjure Flame     |       |     1 ||     1
  Use: Scroll            |     4 |     2 ||     6
       Potion            |     1 |     6 ||     7
 Stab: Sleeping          |     4 |     5 ||     9
       Confused          |       |     3 ||     3
       Invisible         |       |     2 ||     2
  Eat: Chunk             |     2 |     7 ||     9
Armor: Skin              |     6 |     8 ||    14
Dodge: Dodged            |    30 |    56 ||    86
